 Dungeon Crawl Stone Soup version 0.25-a0-782-g655279ceaa (webtiles) character file.

Game seed: 8499276509152585776, levelgen mode: deterministic

156 Flugslaktarn the Skirmisher (level 5, -5/47 HPs)
             Began as a Minotaur Fighter on Apr 16, 2020.
             Slain by a phantom (6 damage)
             ... on level 4 of the Dungeon.
             The game lasted 00:00:43 (1041 turns).

Flugslaktarn the Skirmisher (Minotaur Fighter)      Turns: 1041, Time: 00:00:43

Health: -5/47      AC:  7    Str: 22    XL:     5   Next: 14%
Magic:  4/4        EV:  7    Int:  5    God:
Gold:   73         SH: 10    Dex:  9    Spells: 4/4 levels left

rFire    . . .     SeeInvis .   i - -3 hand axe (curse)
rCold    . . .     Gourm    .   c - +1 kite shield
rNeg     . . .     Faith    .   b - +0 scale mail
rPois    .         Spirit   .   (helmet restricted)
rElec    .         Reflect  .   (no cloak)
rCorr    .         Harm     .   (no gloves)
MR       .....                  (no boots)
Stlth    ..........             (no amulet)
HPRegen  0.15/turn              (no ring)
MPRegen  0.09/turn              (no ring)

@: no status effects
A: retaliatory headbutt, horns 2
a: no special abilities


You were on level 4 of the Dungeon.
You were hungry.

You visited 1 branch of the dungeon, and saw 4 of its levels.

You collected 73 gold pieces.

Inventory:

Hand Weapons
 i - a cursed -3 hand axe (weapon)
   (You found it on level 3 of the Dungeon)
 k - a +1 vorpal war axe
   (You took it off an orc on level 3 of the Dungeon)
Armour
 b - a +0 scale mail (worn)
 c - a +1 kite shield (worn)
Jewellery
 g - an uncursed ring of protection from magic {unknown}
   (You found it on level 3 of the Dungeon)
Scrolls
 h - 2 scrolls of enchant armour
 r - a scroll of identify
Potions
 a - a potion of heal wounds {unknown}
 d - a potion of might
Comestibles
 e - 2 rations
 f - 6 chunks of flesh


   Skills:
 + Level 4.5 Fighting
 * Level 4.5 Axes
 + Level 4.5 Armour
 + Level 4.5 Shields


You had 4 spell levels left.
You didn't know any spells.
Your spell library was empty.

Dungeon Overview and Level Annotations

Branches:
Dungeon (4/15)
 Temple: D:4-7

Altars:

Shops:
D:4 (


Innate Abilities, Weirdness & Mutations

You reflexively headbutt those who attack you in melee.
You have a pair of horns on your head.


Message History

The adder skeleton barely misses you. The howler monkey skeleton hits you.
* * * LOW HITPOINT WARNING * * *
The phantom hits you but does no damage.
The worker ant bites you but does no damage.
You block the worker ant's attack.
Your shield and scale mail prevent you from hitting the worker ant.
The worker ant is severely wounded.
You hit the adder skeleton.
You destroy the adder skeleton!
You hit the phantom but do no damage.
You hit the worker ant but do no damage.
You hit the howler monkey skeleton.
The howler monkey skeleton barely misses you.
You furiously retaliate!
You headbutt the howler monkey skeleton!
You destroy the howler monkey skeleton!
You block the worker ant's attack.
The worker ant bites you but does no damage.
The phantom hits you.
You die...

## #....##....
##.##..........
#......∩......[
.........(...#
............#
...........
.......a.#
#.....a@<#
......W###
###.... #......
.....## .....
...# .##


You could see a phantom and 2 worker ants.

Vanquished Creatures
  An ice beast (D:3)
  A howler monkey skeleton (D:4)
  A howler monkey zombie (D:3)
  An adder (D:3)
  An adder skeleton (D:4)
  2 dart slugs
  A leopard gecko (D:2)
  3 orcs (D:3)
  2 giant cockroaches
  5 goblins (D:3)
  A hobgoblin (D:3)
  A quokka (D:2)
  A bat (D:2)
  3 frilled lizards
  2 rats (D:3)
26 creatures vanquished.

Notes
Turn   | Place    | Note
-------+----------+-------------------------------------------
     0 | D:1      | Flugslaktarn the Minotaur Fighter began the quest for the
                  | Orb.
     0 | D:1      | Reached XP level 1. HP: 19/19 MP: 0/0
   306 | D:2      | Reached XP level 2. HP: 23/27 MP: 1/1
   395 | D:2      | You fall into a shaft and drop 1 floor!
   446 | D:3      | Noticed an ice beast
   462 | D:3      | Killed an ice beast
   462 | D:3      | Reached XP level 3. HP: 7/34 MP: 2/2
   462 | D:3      | Reached XP level 4. HP: 8/41 MP: 3/3
   998 | D:3      | Reached XP level 5. HP: 30/47 MP: 4/4
  1029 | D:4      | Found Xezamad's Antique Weapon Emporium.
  1029 | D:4      | Noticed a phantom
  1039 | D:4      | HP: 2/47 [howler monkey skeleton (1)]
  1041 | D:4      | Slain by a phantom

Levels and vault maps discovered:
D:1:      eino_arrival_tree_alley, layout_loops_corners
D:2:      layout_loops_ring, nicolae_overflow_crystal_walls,
          uniq_crazy_yiuf_cottage, uniq_terence
D:3:      wad_pebble_path, layout_loops_ring
D:4:      layout_cave_pools, lemuel_round_altar, serial_shops, shop,
          first_ration, lightli_sewer_entry_pipes, nrook_uturn

Skill      XL: |  1  2 |
---------------+-------+-----
Axes           | 4 |  4.5
Fighting       | 4 |  4.5
Armour         | 4 |  4.5
Shields        | 4 |  4.5

Action                   |  1- 3 |  4- 6 || total
-------------------------+-------+-------++-------
Melee: War axe           |    41 |     1 ||    42
       Headbutt          |     7 |     4 ||    11
       Hand axe          |       |    51 ||    51
  Use: Scroll            |       |     4 ||     4
Armor: Scale mail        |    23 |    23 ||    46
Dodge: Dodged            |    17 |    25 ||    42
Block: Kite shield       |    18 |    32 ||    50

Table legend:
 A = Non-vault XP
 B = Vault XP
 C = Vault XP percentage of total XP
 D = Non-vault monster count
 E = Vault monster count
 F = Vault count percentage of total count
                 A         B        C        D         E       F
            +---------+---------+-------+---------+---------+-------
      Total |     223 |       0 |   0.0 |      26 |       0 |   0.0
            +---------+---------+-------+---------+---------+-------
        D:1 |       5 |       0 |   0.0 |       2 |       0 |   0.0
        D:2 |       9 |       0 |   0.0 |       5 |       0 |   0.0
        D:3 |     189 |       0 |   0.0 |      17 |       0 |   0.0
        D:4 |      20 |       0 |   0.0 |       2 |       0 |   0.0
            +---------+---------+-------+---------+---------+-------
